 Dungeon Crawl Stone Soup version 0.31-a0-968-g24f9ace8b5 (webtiles) character file.

Game seed: 1078085715890292083

429 Pixllover the Ruffian (level 6, -1/47 HPs)
             Began as a Gnoll Shapeshifter on Oct 27, 2023.
             Shot with an arrow by a centaur (12 damage)
             ... on level 5 of the Dungeon.
             The game lasted 00:10:40 (4738 turns).

Pixllover the Ruffian (Gnoll Shapeshifter)          Turns: 4738, Time: 00:10:41

Health: -1/47      AC:  2    Str: 15    XL:     6   Next: 98%
Magic:  9/9        EV: 13    Int:  9    God:
Gold:   206        SH:  0    Dex: 12    Spells: 9/9 levels left

rFire   . .          .
                       - Unarmed
rCold   + . .        (no shield)
rNeg    . . .        a - +0 animal skin
rPois   .            (helmet currently unavailable)
rElec   .            (cloak currently unavailable)
rCorr   .            (gloves currently unavailable)
SInv    .            (boots currently unavailable)
Will    .....        (no amulet)
Stlth   ++           h - ring of protection from cold
HPRegen 0.27/turn    (no ring)
MPRegen 0.11/turn

%: no passive effects
@: beast-form
A: beast (slay +3), fangs 1, strong nose, distributed training
a: Begin Untransformation


You were on level 5 of the Dungeon.
You were a hulking beast.
You visited 2 branches of the dungeon, and saw 6 of its levels.

You collected 206 gold pieces.

Inventory:

Missiles
 q - 5 poisoned darts (quivered)
Armour
 a - a +0 animal skin (worn)
Jewellery
 h - a ring of protection from cold (left hand)
 l - a ring of magical power
Talismans
 c - a beast talisman
 d - a flux talisman
Wands
 j - a wand of light (10)
 u - a wand of digging (5)
Scrolls
 e - 7 scrolls of identify {unknown}
 f - a scroll of brand weapon {unknown}
 m - a scroll of fear {unknown}
 n - 2 scrolls of teleportation {unknown}
 p - a scroll of torment {unknown}
 t - 2 scrolls of vulnerability {unknown}
 v - 3 scrolls of enchant weapon {unknown}
 x - a scroll of noise {unknown}
Potions
 b - 2 potions of lignification
 g - 4 potions of curing {unknown}
 i - a potion of heal wounds {unknown}
 k - a potion of berserk rage {unknown}
 o - 2 potions of attraction {unknown}
 r - a potion of degeneration {unknown}
 s - a potion of enlightenment {unknown}
 w - a potion of haste {unknown}
 z - a potion of mutation {unknown}


   Skills:
 + Level 3.4 Fighting
 + Level 2.2 Short Blades
 + Level 2.2 Long Blades
 + Level 2.2 Axes
 + Level 2.2 Maces & Flails
 + Level 2.2 Polearms
 + Level 2.2 Staves
 + Level 2.2 Ranged Weapons
 + Level 2.2 Throwing
 + Level 2.2 Armour
 + Level 5.1 Dodging
 + Level 2.2 Stealth
 + Level 2.2 Shields
 + Level 6.9 Unarmed Combat
 + Level 2.2 Spellcasting
 + Level 1.8 Conjurations
 + Level 1.8 Hexes
 + Level 1.8 Summonings
 + Level 1.8 Necromancy
 + Level 1.8 Translocations
 + Level 1.8 Transmutations
 + Level 1.8 Fire Magic
 + Level 1.8 Ice Magic
 + Level 1.8 Air Magic
 + Level 1.8 Earth Magic
 + Level 1.8 Poison Magic
 + Level 2.4 Invocations
 + Level 2.2 Evocations
 + Level 6.8 Shapeshifting


You had 9 spell levels left.
You didn't know any spells.
Your spell library contained the following spells:

 Spells                   Type           Power      Damage    Failure   Level
 Ensorcelled Hibernation  Hex/Ice        8%         N/A       24%         2
 Jinxbite                 Hex            8%         N/A       24%         2
 Ozocubu's Armour         Ice            4%         N/A       43%         3
 Anguish                  Hex/Necr       2%         N/A       83%         4
 Ozocubu's Refrigeration  Ice            2%         4d7       100%        7


Dungeon Overview and Level Annotations

Branches:
Dungeon (5/15)             Temple (1/1) D:4

Altars:
Ashenzari
Cheibriados
Dithmenos
Elyvilon
Fedhas
Gozag
Hepliaklqana
Kikubaaqudgha
Makhleb
Nemelex Xobeh
Okawaru
Qazlal
Ru
Sif Muna
Trog
Uskayaw
Vehumet
Wu Jian
Xom
The Shining One

Shops:
D:2 (


Innate Abilities, Weirdness & Mutations

You are a hulking beast.
Your limbs bulge with bestial killing power. (Slay +3)
You have very sharp teeth.
Your uncanny sense of smell can sniff out nearby items.
Your experience applies equally to all skills.


Message History

You now have 181 gold pieces (gained 13).
You now have 192 gold pieces (gained 11).
Found a stone staircase leading up.
You now have 206 gold pieces (gained 14).
A centaur comes into view.
The centaur shouts!
You hear a shout!
The centaur wields a +0 orcbow.
The centaur shoots an arrow.
The arrow hits you!
You see here 7 gold pieces.
An ufetubus and an ice beast come into view.
The centaur shoots an arrow.
The arrow closely misses you.
The centaur shoots an arrow.
The arrow misses you.
The ufetubus moves out of view.
An ufetubus comes into view.
Found a scroll labelled OCRILITYXAM and 18 gold pieces.
The centaur shoots an arrow.
The arrow closely misses you.
The ufetubus shouts!
Found an escape hatch in the floor.
The centaur shoots an arrow.
The arrow misses you.
A centaur comes into view.
The centaur shouts!
The centaur unwields a +0 orcbow.
The centaur hits you. The centaur kicks you.
You closely miss the centaur. The centaur hits you.
The centaur barely misses you. The ufetubus barely misses you.
The ufetubus hits you.
The ice beast hits you but does no damage.
The ufetubus slips past you! The ufetubus hits you. The ufetubus misses you.
The centaur misses you. The centaur kicks you.
The ufetubus attacks as it pursues you! The ufetubus barely misses you.
The ufetubus closely misses you. The ufetubus attacks as it pursues you!
The ufetubus hits you.
* * * LOW HITPOINT WARNING * * *
The ufetubus barely misses you. x2; The ufetubus hits you.
* * * LOW HITPOINT WARNING * * *
The ufetubus misses you. x2; The centaur wields a +0 orcbow.
The centaur shoots an arrow.
The arrow misses you.
The ice beast attacks as it pursues you!
The ice beast hits you but does no damage.
The centaur shoots an arrow.
The arrow hits you!
You die...

######### ##.....#..
##......... #........$.
#.......... #..........
#.c........
##########.5.?....?.
###........hY.5.......
##......#.####.c......>
#..##.##..# #.........
###.#......## ........##
###.....##.### #........#
...........######.#.#.######
...........................##
.....###########..#.........#
...........< .............


You could see an ice beast, 2 centaurs and 2 ufetubi.

Vanquished Creatures
  A black bear (D:4)
  A phantom (D:5)
  Jessica (D:3)
  2 iguanas
  Robin (D:2)
  4 adders
  4 gnolls
  2 worms
  2 dart slugs
  An orc (D:3)
  4 ball pythons
  8 endoplasms
  7 giant cockroaches
  15 goblins
  9 hobgoblins
  5 jackals
  3 quokkas
  4 bats
  8 frilled lizards
  4 kobolds
  4 rats
90 creatures vanquished.

Notes
Turn   | Place    | Note
-------+----------+-------------------------------------------
     0 | D:1      | Pixllover the Gnoll Shapeshifter began the quest for the
                  | Orb.
     0 | D:1      | Reached XP level 1. HP: 17/17 MP: 1/1
    81 | D:1      | Reached XP level 2. HP: 11/23 MP: 2/2
   780 | D:1      | Reached XP level 3. HP: 27/28 MP: 3/3
  1234 | D:2      | Reached skill level 1 in Invocations
  1394 | D:2      | Noticed Robin
  1414 | D:2      | Reached skill level 1 in Short Blades
  1414 | D:2      | Reached skill level 1 in Long Blades
  1414 | D:2      | Reached skill level 1 in Axes
  1414 | D:2      | Reached skill level 1 in Maces & Flails
  1414 | D:2      | Reached skill level 1 in Polearms
  1414 | D:2      | Reached skill level 1 in Staves
  1414 | D:2      | Reached skill level 1 in Ranged Weapons
  1414 | D:2      | Reached skill level 1 in Throwing
  1414 | D:2      | Reached skill level 1 in Armour
  1414 | D:2      | Reached skill level 1 in Stealth
  1414 | D:2      | Reached skill level 1 in Shields
  1414 | D:2      | Reached skill level 1 in Spellcasting
  1414 | D:2      | Reached skill level 1 in Evocations
  1446 | D:2      | Reached XP level 4. HP: 16/34 MP: 5/5
  1484 | D:2      | Killed Robin
  1742 | D:2      | Found Qeuramus's Weapon Shoppe.
  2191 | D:3      | Reached skill level 1 in Conjurations
  2191 | D:3      | Reached skill level 1 in Hexes
  2191 | D:3      | Reached skill level 1 in Summonings
  2191 | D:3      | Reached skill level 1 in Necromancy
  2191 | D:3      | Reached skill level 1 in Translocations
  2191 | D:3      | Reached skill level 1 in Transmutations
  2191 | D:3      | Reached skill level 1 in Fire Magic
  2191 | D:3      | Reached skill level 1 in Ice Magic
  2191 | D:3      | Reached skill level 1 in Air Magic
  2191 | D:3      | Reached skill level 1 in Earth Magic
  2191 | D:3      | Reached skill level 1 in Poison Magic
  2237 | D:3      | Noticed Jessica
  2255 | D:3      | Killed Jessica
  2256 | D:3      | Reached XP level 5. HP: 40/40 MP: 5/7
  3256 | D:4      | Noticed a black bear
  3267 | D:4      | Killed a black bear
  3268 | D:4      | Reached skill level 5 in Dodging
  3268 | D:4      | Reached XP level 6. HP: 19/47 MP: 7/9
  3726 | D:4      | Found a staircase to the Ecumenical Temple.
  3766 | Temple   | Entered the Ecumenical Temple
  4477 | D:5      | Entered Level 5 of the Dungeon
  4731 | D:5      | Noticed an ice beast
  4738 | D:5      | Shot with an arrow by a centaur

Illustrated notes

Levels and vault maps discovered:
D:1:      moated_graveyard_arrival, layout_basic, serial_forest,
          infiniplex_forest_clump_curved, infiniplex_forest_diagonal,
          infiniplex_forest_lined_room_, infiniplex_forest_straight_2,
          infiniplex_forest_corner_2, infiniplex_forest_zigzag_2
D:2:      minmay_inner_zag, layout_basic, serial_shops,
          nicolae_shop_tiny_real_fake_doors, serial_park_tiny_2, uniq_robin
D:3:      layout_basic, uniq_jessica
D:4:      layout_loops_corners, minmay_temple_entry_nine_rooms
D:5:      layout_rooms
Temple:   mainiacjoe_temple_cubbyholes

Skill      XL: |  1  2  3  4  5 |
---------------+----------------+-----
Invocations    | 1 2 |  2.4
Short Blades   | 1 2 |  2.2
Long Blades    | 1 2 |  2.2
Axes           | 1 2 |  2.2
Maces & Flails | 1 2 |  2.2
Polearms       | 1 2 |  2.2
Staves         | 1 2 |  2.2
Ranged Weapons | 1 2 |  2.2
Throwing       | 1 2 |  2.2
Armour         | 1 2 |  2.2
Stealth        | 1 2 |  2.2
Shields        | 1 2 |  2.2
Spellcasting   | 1 2 |  2.2
Evocations     | 1 2 |  2.2
Conjurations   | 1 |  1.8
Hexes          | 1 |  1.8
Summonings     | 1 |  1.8
Necromancy     | 1 |  1.8
Translocations | 1 |  1.8
Transmutations | 1 |  1.8
Fire Magic     | 1 |  1.8
Ice Magic      | 1 |  1.8
Air Magic      | 1 |  1.8
Earth Magic    | 1 |  1.8
Poison Magic   | 1 |  1.8
Fighting       | 3 |  3.4
Dodging        | 5 |  5.1
Unarmed Combat | |  6.9
Shapeshifting  | |  6.8

Action                     |  1- 3 |  4- 6 || total
---------------------------+-------+-------++-------
  Melee: Unarmed           |    66 |   128 ||   194
         Bite              |     6 |    15 ||    21
         Punch             |     3 |     4 ||     7
   Stab: Sleeping          |     4 |     1 ||     5
 Armour: Animal skin       |    41 |    72 ||   113
  Dodge: Dodged            |    57 |    90 ||   147

Table legend: (Time is in decaauts)
 A = Elapsed time spent in this place.
 B = Non-inter-level travel time spent in this place.
 C = Inter-level travel time spent in this place.
 D = Time resting spent in this place.
 E = Time spent auto-exploring this place.
 F = Levels seen in this place.
 G = Mean time per level.
                   A        B        C        D        E       F      G
               +--------+--------+--------+--------+--------+-----+--------+
         Total |   4713 |   4562 |    151 |    308 |   2597 |   6 |  785.5 |
       Dungeon |   4213 |   4062 |    151 |    308 |   2597 |   5 |  842.6 |
        Temple |    499 |    499 |      0 |      0 |      0 |   1 |  499.0 |
               +--------+--------+--------+--------+--------+-----+--------+

Top non-repeatable levels by time:
     D:1: 1138 daAuts
     D:4: 1098 daAuts
     D:2: 1023 daAuts
     D:3: 694 daAuts
  Temple: 499 daAuts
     D:5: 258 daAuts
